 Dungeon Crawl Stone Soup version 0.29-a0-541-gaf1fc19f1b (webtiles) character file.

Game seed: 12846797700278739589

888 IdlyInterested the Cudgeller (level 7, -1/51 HPs)
             Began as a Demonspawn Gladiator on June 2, 2022.
             Slain by a wyvern (7 damage)
             ... on level 5 of the Dungeon.
             The game lasted 00:09:41 (4516 turns).

IdlyInterested the Cudgeller (Demonspawn Gladiator) Turns: 4516, Time: 00:09:41

Health: -1/51      AC: 15    Str: 15    XL:     7   Next: 77%
Magic:  7/7        EV:  5    Int:  9    God:
Gold:   161        SH:  0    Dex: 16    Spells: 6/6 levels left

rFire   . . .      SeeInvis .   a - +1 flail (venom)
rCold   . . .      Faith    .   (no shield)
rNeg    . . .      Spirit   .   s - +0 plate armour
rPois   +          Reflect  .   c - +0 helmet
rElec   .          Harm     .   (no cloak)
rCorr   .          Rampage  .   g - +2 pair of gloves
Will    .....                   (no boots)
Stlth   ..........              (no amulet)
HPRegen 0.17/turn               n - +4 ring of slaying
MPRegen 0.10/turn               p - ring of poison resistance

@: no status effects
A: claws 2, foul stench 1
a: no special abilities


You were on level 5 of the Dungeon.
You visited 1 branch of the dungeon, and saw 5 of its levels.

You collected 161 gold pieces.

Inventory:

Hand Weapons
 a - a +1 flail of venom (weapon)
Missiles
 d - 3 throwing nets
 e - a javelin
 h - 88 stones (quivered)
 m - 8 poisoned darts
Armour
 c - a +0 helmet (worn)
 g - a +2 pair of gloves (worn)
 s - a +0 plate armour (worn)
Jewellery
 n - a +4 ring of slaying (left hand)
 p - a ring of poison resistance (right hand)
Scrolls
 f - a scroll of teleportation
 j - 4 scrolls of identify
 k - 2 scrolls of enchant weapon
 l - a scroll of amnesia
 t - a scroll of brand weapon
Potions
 b - 2 potions of lignification
 i - a potion of haste
 o - a potion of heal wounds
 q - a potion of attraction
 r - a potion of invisibility
 u - a potion of flight


   Skills:
 + Level 2.5 Fighting
 * Level 5.8 Maces & Flails
 - Level 2.0 Throwing
 - Level 2.0 Armour
 + Level 4.4 Dodging
 + Level 3.3 Unarmed Combat
 - Level 2.0 Evocations


You had 6 spell levels left.
You didn't know any spells.
Your spell library contained the following spells:

 Spells                   Type           Power      Damage    Failure   Level
 Magic Dart               Conj           0%         1d3       100%        1
 Blink                    Tloc           0%         N/A       100%        2
 Searing Ray              Conj           0%         2d4       100%        2
 Fulminant Prism          Conj/Hex       0%         3d6       100%        4
 Iskenderun's Mystic Bla  Conj/Tloc      0%         2d3       100%        4
 Fireball                 Conj/Fire      0%         3d3       100%        5
 Iskenderun's Battlesphe  Conj           0%         2d6       100%        5
 Lee's Rapid Deconstruct  Erth           0%         3d5*      100%        5
 Manifold Assault         Tloc           0%         N/A       100%        5
 Conjure Ball Lightning   Conj/Air       0%         3x3d6     100%        6
 Orb of Destruction       Conj           0%         9d5       100%        7
 Storm Form               Tmut/Air       0%         N/A       100%        7


Dungeon Overview and Level Annotations

Branches:
Dungeon (5/15)
 Temple: D:4-7

Altars:

Shops:
D:3 =


Innate Abilities, Weirdness & Mutations

You have very sharp fingernails.
You may rarely emit foul miasma when damaged in melee.


Message History

You open the door.
There is an open door here.
You see here a +0 whip.
Done exploring.
Done exploring.
Okay, then.
As you read the scroll labelled CASUARR QILYO, it crumbles to dust.
It is a scroll of enchant weapon.
Your +0 flail of venom glows red for a moment.
There is a stone staircase leading down here.
You climb downwards.
Found an escape hatch in the floor.
There is a stone staircase leading up here.
A wyvern comes into view.
The wyvern hisses angrily.
The wyvern barely misses you.
You closely miss the wyvern. The wyvern bites you. x2
You hit the wyvern.
The wyvern is lightly wounded.
The wyvern bites you.
You hit the wyvern.
The wyvern is poisoned.
The wyvern is moderately wounded.
The wyvern bites you! x2
You closely miss the wyvern.
The wyvern is moderately wounded.
The wyvern bites you. x2
* * * LOW HITPOINT WARNING * * *
You barely miss the wyvern.
The wyvern is moderately wounded.
The wyvern barely misses you.
You sock the wyvern!
The wyvern looks as sick as possible!
The wyvern is severely wounded.
The wyvern barely misses you. The wyvern bites you.
* * * LOW HITPOINT WARNING * * *
You hit the wyvern but do no damage.
The wyvern looks as sick as possible!
The wyvern is severely wounded.
The wyvern bites you!
* * * LOW HITPOINT WARNING * * *
The wyvern bites you!
You die...

..#..........
...........
#......# #..<.#
##..### #.....#
......#.### .
......##...#....
.#.#.#
#@........
#.###.l.......#.
# ....##..##.##
...... .### #
.##.. . #... #
##. ##


You could see a wyvern (extremely poisoned).

Vanquished Creatures
  Sigmund (D:4)
  2 ogres (D:4)
  A phantom (D:4)
  A scorpion (D:4)
  2 hounds (D:4)
  A gnoll shaman (D:4)
  An orc priest (D:4)
  Natasha (thrice) (D:3)
  3 orc wizards (D:4)
  5 adders (D:4)
  A gnoll (D:1)
  3 worms
  6 dart slugs
  5 orcs (D:4)
  5 endoplasms
  4 giant cockroaches
  4 goblins
  12 hobgoblins
  A jackal (D:4)
  9 kobolds
  5 quokkas
  7 ball pythons
  2 bats
  4 frilled lizards
  6 rats
94 creatures vanquished.

Notes
Turn   | Place    | Note
-------+----------+-------------------------------------------
     0 | D:1      | IdlyInterested the Demonspawn Gladiator began the quest for
                  | the Orb.
     0 | D:1      | Reached XP level 1. HP: 16/16 MP: 1/1
     6 | D:1      | Noticed an imperial myrmidon
     6 | D:1      | Noticed a tyrant leech
     6 | D:1      | Noticed a basilisk
     7 | D:1      | Noticed a yaktaur
     7 | D:1      | Noticed a hell rat
   124 | D:1      | Reached skill level 3 in Maces & Flails
   124 | D:1      | Discovered your monstrous ancestry.
   124 | D:1      | Gained mutation: You have sharp fingernails. [demonic
                  | ancestry]
   124 | D:1      | Reached XP level 2. HP: 22/22 MP: 2/2
   177 | D:1      | Found a faded altar of an unknown god.
   326 | D:1      | Gained mutation: You have very sharp fingernails. [demonic
                  | ancestry]
   326 | D:1      | Reached XP level 3. HP: 20/27 MP: 3/3
   434 | D:1      | Reached skill level 1 in Unarmed Combat
  1792 | D:3      | Reached XP level 4. HP: 29/33 MP: 4/4
  1895 | D:3      | Noticed Natasha
  1899 | D:3      | Killed Natasha
  2054 | D:3      | Noticed Natasha
  2059 | D:3      | Killed Natasha
  2158 | D:3      | Noticed Natasha
  2164 | D:3      | Killed Natasha
  2165 | D:3      | Reached skill level 4 in Maces & Flails
  2165 | D:3      | Gained mutation: You may rarely emit foul miasma when
                  | damaged in melee. [demonic ancestry]
  2165 | D:3      | Reached XP level 5. HP: 28/38 MP: 5/5
  2454 | D:3      | Found Ceekhlas's Jewellery Boutique.
  2609 | D:4      | Noticed an ogre
  2619 | D:4      | Killed an ogre
  2620 | D:4      | Reached skill level 1 in Armour
  2713 | D:4      | Reached XP level 6. HP: 39/44 MP: 6/6
  3227 | D:4      | Reached skill level 5 in Maces & Flails
  3227 | D:4      | Reached skill level 1 in Evocations
  3694 | D:4      | Noticed Sigmund
  3699 | D:4      | Killed Sigmund
  3700 | D:4      | Reached XP level 7. HP: 48/50 MP: 7/7
  4504 | D:5      | Entered Level 5 of the Dungeon
  4508 | D:5      | Noticed a wyvern
  4516 | D:5      | Slain by a wyvern

Illustrated notes

Levels and vault maps discovered:
D:1:      onia_arrival_zoo_common, layout_basic,
          chequers_ecumenical_altar_simple_redux
D:2:      layout_basic
D:3:      layout_loops_corners, serial_shops, shop_statue,
          kennysheep_cross_bottleneck, uniq_natasha
D:4:      minmay_bubble_buster, layout_basic, uniq_sigmund
D:5:      layout_cave_pools, minmay_temple_entry_statues_pillars

Skill      XL: |  1  2  3  4  5  6  7 |
---------------+----------------------+-----
Maces & Flails | 3 4 5 |  5.8
Throwing       | 2 |  2.0
Dodging        | 3 4 |  4.4
Unarmed Combat | 1 2 3 |  3.3
Armour         | 1 2 |  2.0
Evocations     | 2 |  2.0
Fighting       | |  2.5

Action                   |  1- 3 |  4- 6 |  7- 9 || total
-------------------------+-------+-------+-------++-------
Melee: Flail             |    96 |    72 |    65 ||   233
       Punch             |     1 |     1 |     2 ||     4
Throw: Dart              |       |     5 |       ||     5
       Stone             |       |     5 |       ||     5
  Use: Scroll            |     5 |     5 |     4 ||    14
       Potion            |     1 |     2 |       ||     3
Armor: Ring mail         |    38 |       |       ||    38
       Chain mail        |       |    46 |     2 ||    48
       Plate armour      |       |       |    39 ||    39
Dodge: Dodged            |    66 |    32 |    26 ||   124

Table legend: (Time is in decaauts)
 A = Elapsed time spent in this place.
 B = Non-inter-level travel time spent in this place.
 C = Inter-level travel time spent in this place.
 D = Time resting spent in this place.
 E = Time spent auto-exploring this place.
 F = Levels seen in this place.
 G = Mean time per level.
                   A        B        C        D        E       F      G
               +--------+--------+--------+--------+--------+-----+--------+
         Total |   4563 |   4507 |     56 |    769 |   2885 |   5 |  912.6 |
       Dungeon |   4563 |   4507 |     56 |    769 |   2885 |   5 |  912.6 |
               +--------+--------+--------+--------+--------+-----+--------+

Top non-repeatable levels by time:
     D:4: 1954 daAuts
     D:3: 1033 daAuts
     D:2: 916 daAuts
     D:1: 646 daAuts
     D:5: 12 daAuts
